 Dungeon Crawl Stone Soup version 0.29.0-7-g18a832c13a (webtiles) character file.

Game seed: 13935042806120266528

11181 oldmanjim the Grappler (level 11, -3/130 HPs)
             Began as an Ogre Transmuter on Aug 30, 2022.
             Was a Priest of Sif Muna.
             Killed from afar by an electric eel (11 damage)
             ... with a bolt of electricity
             ... on level 11 of the Dungeon on Aug 31, 2022.
             The game lasted 01:47:32 (15708 turns).

oldmanjim the Grappler (Ogre Transmuter)           Turns: 15708, Time: 01:47:33

Health: -3/130     AC: 11    Str: 16    XL:     11   Next: 73%
Magic:  23/23      EV: 10    Int: 30    God:    Sif Muna [***...]
Gold:   1474       SH:  0    Dex:  9    Spells: 8/26 levels left

rFire   x . .      SeeInvis .     - Unarmed
rCold   + + +      Faith    .   (shield currently unavailable)
rNeg    . . .      Spirit   .   (body armour currently unavailable)
rPois   +          Reflect  .   (helmet currently unavailable)
rElec   .          Harm     .   (cloak currently unavailable)
rCorr   .          Rampage  .   (gloves unavailable)
Will    +....                   (boots unavailable)
Stlth   +.........              e - amulet of magic regeneration
HPRegen 0.31/turn               h - +6 ring of intelligence
MPRegen 0.58/turn               D - +6 ring of intelligence

@: ice-form
A: freezing attack, amphibious, boosted hp, large, unfitting armour, (tough skin
1)
a: End Transformation, Renounce Religion, Channel Magic, Forget Spell


You were on level 11 of the Dungeon.
You worshipped Sif Muna.
Sif Muna was most pleased with you.
You were a creature of crystalline ice.
You visited 2 branches of the dungeon, and saw 12 of its levels.

You collected 1474 gold pieces.

Inventory:

Hand Weapons
 a - the +7 dagger "Impbane" (melded) {flame, rF+ rN+ Int+2 SInv}
   (You took it off a hobgoblin on level 8 of the Dungeon)

   It burns those it strikes, dealing additional fire damage.
   Int:       It affects your intelligence (+2).
   rF:        It protects you from fire.
   rN:        It protects you from negative energy.
   SInv:      It lets you see invisible.
 b - a +1 sling of venom
Missiles
 d - 103 stones
 f - 45 poisoned darts
 m - 4 large rocks (quivered)
 v - a curare-tipped dart
 E - 4 javelins
 H - 9 boomerangs
Armour
 c - +1 acid dragon scales
 n - a +2 robe of fire resistance (melded)
Jewellery
 e - an amulet of magic regeneration (around neck)
 h - a +6 ring of intelligence (left front paw)
 o - an amulet of the acrobat
 D - a +6 ring of intelligence (right front paw)
 M - a +4 ring of slaying
Wands
 t - a wand of charming (15)
 F - a wand of flame (18)
 I - a wand of mindburst (17)
Scrolls
 g - 3 scrolls of poison
 w - a scroll of teleportation
 x - a scroll of magic mapping
 y - 2 scrolls of summoning
 A - a scroll of amnesia
 C - 2 scrolls of enchant armour
 G - a scroll of identify
Potions
 i - a potion of haste {unknown}
 j - 3 potions of lignification
 k - 3 potions of magic
 l - 4 potions of mutation
 p - 6 potions of brilliance
 q - 2 potions of cancellation {unknown}
 r - 3 potions of heal wounds {unknown}
 s - 6 potions of curing
 u - a potion of attraction
 z - 2 potions of berserk rage {unknown}
 B - a potion of flight {unknown}


   Skills:
 - Level 7.0 Fighting
 - Level 4.0 Dodging
 - Level 10.0 Unarmed Combat
 - Level 8.0 Spellcasting
 - Level 2.0 Conjurations
 + Level 2.3 Translocations
 + Level 8.4 Transmutations
 - Level 4.0 Ice Magic
 - Level 2.0 Air Magic
 - Level 2.0 Poison Magic
 + Level 3.1 Invocations


You had 8 spell levels left.
You knew the following spells:

 Your Spells              Type           Power      Damage    Failure   Level
a - Beastly Appendage     Tmut           100%       N/A       1%          1
b - Spider Form           Tmut/Pois      43%        N/A       1%          3
c - Ice Form              Ice/Tmut       49%        N/A       3%          4
d - Passwall              Tmut/Erth      30%        N/A       1%          2
e - Blink                 Tloc           52%        N/A       2%          2
f - Mephitic Cloud        Conj/Pois/Air  24%        N/A       5%          3
g - Ignite Poison         Fire/Tmut/Pois 32%        N/A       3%          3

Your spell library contained the following spells:

 Spells                   Type           Power      Damage    Failure   Level
 Apportation              Tloc           52%        N/A       1%          1
 Magic Dart               Conj           96%        1d7       1%          1
 Sting                    Tmut/Pois      100%       1d8       1%          1
 Wereblood                Tmut           58%        N/A       1%          2
 Ensorcelled Hibernation  Hex/Ice        48%        N/A       2%          2
 Poisonous Vapours        Pois/Air       48%        N/A       2%          2
 Static Discharge         Conj/Air       24%        3-6/arc   2%          2
 Necrotise                Necr           48%        1d6       4%          1
 Summon Small Mammal      Summ           48%        N/A       4%          1
 Gell's Gravitas          Tloc           26%        N/A       4%          3
 Lesser Beckoning         Tloc           26%        N/A       4%          3
 Teleport Other           Tloc           26%        N/A       4%          3
 Swiftness                Air            24%        N/A       5%          3
 Call Imp                 Summ           12%        N/A       6%          2
 Conjure Flame            Conj/Fire      18%        6-21      9%          3
 Call Canine Familiar     Summ           12%        N/A       13%         3
 Summon Guardian Golem    Hex/Summ       12%        N/A       13%         3
 Alistair's Intoxication  Tmut/Pois      28%        N/A       14%         5
 Olgreb's Toxic Radiance  Pois           24%        N/A       19%         4
 Sticky Flame             Conj/Fire      18%        2d4       28%         4
 Dispel Undead            Necr           12%        3d9       38%         4
 Manifold Assault         Tloc           26%        N/A       41%         5
 Storm Form               Tmut/Air       21%        N/A       99%         7


Dungeon Overview and Level Annotations

Branches:
Dungeon (11/15)            Temple (1/1) D:5
   Lair: D:8-11         Orc: D:9-12

Altars:
Ashenzari
Cheibriados
Dithmenos
Elyvilon
Fedhas
Gozag
Hepliaklqana
Kikubaaqudgha
Makhleb
Nemelex Xobeh
Okawaru
Qazlal
Ru
Sif Muna
Trog
Uskayaw
Vehumet
Wu Jian
Xom
Yredelemnul
Zin
The Shining One

Annotations:
D:3 1 runed translucent door, Crazy Yiuf
D:11 exclusion: oklob plant


Innate Abilities, Weirdness & Mutations

You are a creature of crystalline ice.
You have a powerful freezing melee attack.
You are amphibious.
Your maximum health is increased.
Your armour is entirely melded.
You are incapable of wielding weapons or throwing items.
You are too large for most types of armour.
((You have tough skin. (AC +1)))


Message History

Something completely misses you. Something bites you.
* * * LOW HITPOINT WARNING * * *
Something draws strength from your injuries!
Casting: Ignite Poison (mildly dangerous; 3% risk of failure)
Confirm with . or Enter, or press ? or * to list all spells.
Aiming: Mephitic Cloud (mildly dangerous; 5% risk of failure)
Press: ? - help, Shift-Dir - straight line, f - boulder beetle
Aim: a boulder beetle (lightly wounded, chance to affect: 43%)
The ball explodes into a vile cloud!
The stinking cloud engulfs the boulder beetle but does no damage.
The boulder beetle is lightly wounded.
The stinking cloud engulfs you but does no damage.
The stinking cloud engulfs something but does no damage.
The boulder beetle is engulfed in noxious fumes.
The boulder beetle appears confused.
You hear some strange, mumbled words.
Something tries to affect you, but you resist.
Casting: Mephitic Cloud (mildly dangerous; 5% risk of failure)
Confirm with . or Enter, or press ? or * to list all spells.
You ignite the poison in your surroundings!
Your surroundings suddenly seem different.
The electric eel shoots out a bolt of lightning at you!
The bolt of electricity hits you!
* * * LOW HITPOINT WARNING * * *
Something tries to affect you, but you resist.
Something tries to affect you, but you resist.
The electric eel shoots out a bolt of lightning at you!
The bolt of electricity hits you!
* * * LOW HITPOINT WARNING * * *
The electric eel shoots out a bolt of lightning at you!
The bolt of electricity hits you.
* * * LOW HITPOINT WARNING * * *
The electric eel shoots out a bolt of lightning at you!
The bolt of electricity hits you.
* * * LOW HITPOINT WARNING * * *
Things that are here:
a +0 dagger; a +0 leather armour; an orc skeleton The electric eel shoots out a bolt of lightning at you!
The bolt of electricity hits you!
You die...

......≈≈≈≈≈≈≈≈≈≈≈≈≈≈≈≈≈≈≈≈≈≈≈≈≈8≈
......≈≈≈≈≈≈S≈≈≈≈≈≈≈≈≈≈≈≈≈≈≈≈≈≈≈8
.........................)))...).
.......................#######...
...................>..^# #...
............)<)........# #...
.....[.......))........# #...
...........[...........# #...
........V.......Y......# #...
...............).......# #...
.#####.................# #... .#
#.................# #... .#
#.................# #... .#
#.................# #... .#
#.................# .#
#.................# .#
#....[............#


You could see an electric eel.

Vanquished Creatures
  3 skeletal warriors (D:11)
  A gargoyle (D:11)
  Maggie (D:8)
  A troll (D:8)
  Sigmund (D:2)
  20 yaks
  4 vampire mosquitoes (D:10)
  Edmund (D:6)
  2 acid dragons
  Duvessa (D:7)
  A water moccasin (D:7)
  4 orc warriors
  An ice beast (D:7)
  2 black bears (D:5)
  2 wolves (D:8)
  An ogre (D:5)
  5 centaurs
  4 kobold brigands
  2 bullfrogs
  4 gnoll sergeants
  4 scorpions
  7 wights
  6 killer bees (D:10)
  Dowan (D:7)
  2 howler monkeys (D:10)
  2 electric eels (D:11)
  8 hounds
  3 jellies
  7 orc priests
  3 gnoll boudas
  Ijyb (D:3)
  17 orc wizards
  Natasha (thrice) (D:2)
  Terence (D:3)
  Robin (D:2)
  16 gnolls
  9 adders
  A white imp (D:6)
  2 worms
  2 dart slugs (D:1)
  44 orcs
  4 ball pythons
  6 bats
  9 endoplasms
  17 goblins
  15 hobgoblins
  10 jackals
  5 quokkas
  4 frilled lizards
  17 kobolds
  3 rats
291 creatures vanquished.

Vanquished Creatures (others)
  Grum (D:8)
  A wight (D:7)
  An orc wizard (D:6)
  45 plants (D:8)
48 creatures vanquished.

Grand Total: 339 creatures vanquished

Notes
Turn   | Place    | Note
-------+----------+-------------------------------------------
     0 | D:1      | oldmanjim the Ogre Transmuter began the quest for the Orb.
     0 | D:1      | Reached XP level 1. HP: 19/19 MP: 3/3
   189 | D:1      | Reached XP level 2. HP: 20/27 MP: 3/5
  1145 | D:1      | Reached XP level 3. HP: 29/33 MP: 7/7
  1291 | D:1      | Learned a level 3 spell: Spider Form
  1467 | D:2      | Noticed Natasha
  1475 | D:2      | Killed Natasha
  1676 | D:2      | Found a faded altar of an unknown god.
  1700 | D:2      | Noticed Natasha
  1707 | D:2      | Killed Natasha
  1708 | D:2      | Reached XP level 4. HP: 44/44 MP: 8/8
  1852 | D:2      | Noticed Natasha
  1861 | D:2      | Killed Natasha
  2001 | D:2      | Noticed Robin
  2013 | D:2      | Reached XP level 5. HP: 47/53 MP: 9/9
  2019 | D:2      | Killed Robin
  2020 | D:2      | Reached skill level 1 in Poison Magic
  2231 | D:2      | Noticed Sigmund
  2249 | D:2      | Killed Sigmund
  2250 | D:2      | Reached skill level 3 in Unarmed Combat
  2250 | D:2      | Reached XP level 6. HP: 39/61 MP: 9/12
  2472 | D:2      | Found a stormy altar of Qazlal.
  2832 | D:3      | Noticed Terence
  2849 | D:3      | Killed Terence
  3133 | D:3      | Reached skill level 4 in Unarmed Combat
  3249 | D:3      | Reached XP level 7. HP: 61/67 MP: 13/13
  3291 | D:3      | Learned a level 4 spell: Ice Form
  3322 | D:3      | Noticed Ijyb
  3329 | D:3      | Killed Ijyb
  3488 | D:3      | Found a runed translucent door.
  3489 | D:3      | Noticed Crazy Yiuf
  4320 | D:4      | Found a hazy altar of Hepliaklqana.
  4543 | D:5      | Entered Level 5 of the Dungeon
  4751 | D:5      | Reached skill level 5 in Unarmed Combat
  4751 | D:5      | Reached skill level 5 in Transmutations
  4803 | D:5      | Reached skill level 1 in Ice Magic
  4944 | D:5      | Reached XP level 8. HP: 78/78 MP: 14/14
  5372 | D:5      | Found a staircase to the Ecumenical Temple.
  5381 | Temple   | Entered the Ecumenical Temple
  5461 | Temple   | Became a worshipper of Sif Muna the Loreminder
  5579 | D:5      | Found a glowing golden altar of the Shining One.
  6172 | D:6      | Found a basalt altar of Yredelemnul.
  6172 | D:6      | Noticed Edmund
  6535 | D:6      | Reached skill level 5 in Spellcasting
  6590 | D:6      | Reached skill level 6 in Unarmed Combat
  7034 | D:6      | Found a broken altar of Ashenzari.
  7542 | D:6      | Killed Edmund
  7543 | D:6      | Reached XP level 9. HP: 70/84 MP: 16/16
  7855 | D:7      | Noticed Dowan
  7856 | D:7      | Noticed Duvessa
  7865 | D:7      | Killed Dowan
  7872 | D:7      | Killed Duvessa
  8065 | D:7      | Found a large runed translucent door.
  8069 | D:7      | Found a large runed translucent door.
  8165 | D:7      | Reached skill level 7 in Unarmed Combat
  8639 | D:7      | Reached * piety under Sif Muna
  8654 | D:7      | Reached skill level 5 in Fighting
  8766 | D:7      | Learned a level 2 spell: Passwall
  9143 | D:7      | Found a shadowy altar of Dithmenos.
  9149 | D:7      | Found an opulent altar of Gozag.
  9207 | D:7      | Learned a level 2 spell: Blink
  9274 | D:7      | Learned a level 3 spell: Mephitic Cloud
  9278 | D:7      | Learned a level 3 spell: Ignite Poison
  9338 | D:8      | Reached skill level 1 in Conjurations
  9338 | D:8      | Reached skill level 1 in Air Magic
  9360 | D:8      | Reached XP level 10. HP: 68/96 MP: 19/19
  9385 | D:8      | Noticed Grum
  9396 | D:8      | HP: 3/115 [Grum/puff of flame (15)]
  9397 | D:8      | Your ally Grum died
  9398 | D:8      | Reached skill level 8 in Unarmed Combat
  9891 | D:8      | Identified a scroll of acquirement
  9891 | D:8      | Acquired 765 gold pieces
  9904 | D:8      | Noticed Maggie
  9924 | D:8      | Killed Maggie
 10734 | D:8      | Identified the +7 dagger "Impbane" {flame, rF+ rN+ Int+2
                  | SInv}
 10734 | D:8      | Identified the +2 leather armour of Pumij {Int+2 Stlth+}
 11091 | D:8      | Reached ** piety under Sif Muna
 11106 | D:8      | Reached skill level 9 in Unarmed Combat
 12143 | D:9      | Reached XP level 11. HP: 92/105 MP: 11/23
 12398 | D:9      | Identified the +1 leather armour of the Endless Expanse
                  | {rCorr Int+2}
 12873 | D:10     | Entered Level 10 of the Dungeon
 12959 | D:10     | Reached *** piety under Sif Muna
 13432 | D:10     | Reached skill level 10 in Unarmed Combat
 13788 | D:10     | Found a radiant altar of Vehumet.
 13828 | D:10     | Found a sparkling altar of Nemelex Xobeh.
 14670 | D:11     | Reached skill level 1 in Invocations
 14842 | D:11     | Noticed an oklob plant
 14929 | D:11     | Noticed a skeletal warrior
 14929 | D:11     | Noticed a skeletal warrior
 14938 | D:11     | Noticed a skeletal warrior
 14953 | D:11     | Killed a skeletal warrior
 14954 | D:11     | Reached skill level 1 in Translocations
 14960 | D:11     | Killed a skeletal warrior
 15155 | D:11     | Noticed a skeletal warrior
 15164 | D:11     | Noticed a skeletal warrior
 15417 | D:11     | Killed a skeletal warrior
 15670 | D:11     | Noticed a boulder beetle
 15702 | D:11     | HP: 6/130 [electric eel/bolt of electricity (3)]
 15708 | D:11     | Killed from afar by an electric eel

Illustrated notes

Levels and vault maps discovered:
D:1:      tarquinn_simple_flora_water_f, layout_loops_corners,
          chequers_serial_rivers_small_b, minmay_domino_4
D:2:      layout_basic, hellmonk_ecumenical_altar_prayer_group, basic_altar,
          uniq_robin, uniq_natasha, uniq_sigmund
D:3:      layout_loops_ring, uniq_terence, uniq_ijyb, uniq_crazy_yiuf_cottage
D:4:      layout_gridville, general_overflow_altar
D:5:      layout_basic, tso_altar, minmay_temple_entry_offerings
D:6:      layout_rooms, mainiacjoe_overflow_surrounded_room,
          cheibrodos_ashenzari_chains, kennysheep_pointless_box, uniq_edmund
D:7:      layout_loops_ring, jmf_multi_god_temple2, uniq_duvessa
D:8:      kennysheep_housing_project, layout_loops_corners, uniq_maggie,
          uniq_grum
D:9:      layout_cave_pools
D:10:     layout_loops_corners, lemuel_coloured_pillars_altar,
          nemelex_xobeh_ov_fountains_minmay
D:11:     layout_long_grid, dpeg_oklobed_lair, erik_orc_2,
          dreamdust_princess_bridge, nicolae_hepliaklqana_ecumenical_no_more
Temple:   nicolae_temple_great_sept

Skill      XL: |  1  2  3  4  5  6  7  8  9 10 11 |
---------------+----------------------------------+-----
Transmutations | 2 3 4 5 6 7 8 |  8.4
Spellcasting   | 3 4 5 6 8 |  8.0
Fighting       | 2 3 4 5 6 7 |  7.0
Poison Magic   | 2 |  2.0
Unarmed Combat | 3 4 5 6 7 9 10 | 10.0
Ice Magic      | 2 4 |  4.0
Conjurations   | 2 |  2.0
Air Magic      | 2 |  2.0
Dodging        | 2 4 |  4.0
Invocations    | 3 |  3.1
Translocations | 2 |  2.3

Action                   |  1- 3 |  4- 6 |  7- 9 | 10-12 || total
-------------------------+-------+-------+-------+-------++-------
Melee: Unarmed           |    57 |    91 |   320 |   213 ||   681
       Kick              |    19 |     3 |       |       ||    22
       Headbutt          |    10 |       |       |       ||    10
       Dagger            |       |       |       |     1 ||     1
 Fire: Sling             |       |    29 |    46 |    30 ||   105
Throw: Large rock        |       |     1 |     4 |       ||     5
 Cast: Beastly Appendage |    21 |     3 |     2 |       ||    26
       Spider Form       |     2 |    11 |    30 |       ||    43
       Ice Form          |       |       |    12 |    32 ||    44
       Mephitic Cloud    |       |       |       |    49 ||    49
       Ignite Poison     |       |       |       |    39 ||    39
       Blink             |       |       |       |     1 ||     1
Evoke: Wand              |       |       |     4 |     3 ||     7
  Use: Scroll            |       |       |     9 |    12 ||    21
 Stab: Sleeping          |       |       |     1 |       ||     1
Armor: Robe              |    11 |    10 |     6 |       ||    27
       Skin              |       |     9 |    30 |    86 ||   125
Dodge: Dodged            |    29 |    61 |   218 |   111 ||   419
